Map: Prion Terraces

Players

lIIlllllIIII (HuK) - Winner!

  • Race: Protoss Protoss
  • League: Grandmaster

Shura (Scarlett)

  • Race: Zerg Zerg
  • League: Grandmaster

Event: Team Gravity's Fight Night #39

VOD

Have the link to the VOD?

Description

Time

  • Played on: Nov. 20, 2015, 9:13 p.m.
  • Length: 11:14

All games in this series

Show
View Real Time Build Order
Export as new Build Order

lIIlllllIIII Protoss - Winner!

Build Orders: 1 Gate Expand 

Get SALT Encoding   

  12  0:01  Probe (Chrono Boost)  
  13  0:11  Probe (Chrono Boost)  
  14  0:21  Pylon  
  14  0:22  Probe (Chrono Boost)  
  15  0:40  Probe (Chrono Boost)  
  15  0:41  Gateway  
  16  0:43  Assimilator  
  16  0:50  Probe (Chrono Boost)  
  17  1:01  Probe (Chrono Boost)  
  18  1:11  Probe (Chrono Boost)  
  19  1:22  Probe (Chrono Boost)  
  20  1:29  Nexus  
  20  1:34  Cybernetics Core, Probe (Chrono Boost)  
  21  1:42  Assimilator  
  21  1:45  Probe (Chrono Boost)  
  22  1:53  Pylon  
  22  1:55  Probe (Chrono Boost)  
  23  2:09  Warp Gate (Chrono Boost)  
  23  2:11  Probe (Chrono Boost)  
  26  2:23  Robotics Facility  
  26  2:24  Probe (Chrono Boost)  
  27  2:35  Mothership Core (Chrono Boost)  
  26  2:42  Gateway  
  26  2:44  Pylon  
  26  2:45  Probe (Chrono Boost)  
  26  2:50  Gateway  
  27  2:52  Adept (Chrono Boost)  
  27  2:53  Probe (Chrono Boost)  
  30  2:59  Pylon  
  30  3:01  Probe  
  31  3:10  Probe  
  32  3:19  Warp Prism (Chrono Boost)  
  34  3:27  Probe  
  34  3:28  Probe  
  34  3:31  Sentry  
  38  3:39  Probe  
  39  3:42  Probe, Pylon  
  40  3:51  Gateway  
  40  3:54  Gateway  
  40  3:56  Probe  
  40  3:59  Probe  
  42  4:08  Probe  
  43  4:11  Probe  
  43  4:16  Sentry x2  
  48  4:19  Pylon  
  48  4:20  Probe  
  48  4:23  Probe  
  50  4:32  Probe  
  50  4:35  Assimilator  
  51  4:48  Probe x2  
  51  4:49  Adept x2  
  57  5:00  Nexus  
  57  5:02  Pylon  
  57  5:03  Pylon  
  57  5:05  Sentry x2  
  57  5:06  Probe  
  60  5:09  Assimilator  
  60  5:15  Forge  
  60  5:17  Robotics Bay  
  60  5:18  Probe x2  
  61  5:30  Probe  
  62  5:36  Adept x4  
  68  5:57  Sentry x2  
  68  5:58  Adept x2  
  68  6:00  Probe x2  
  72  6:12  Probe  
  72  6:13  Protoss Ground Weapons Level 1 (Chrono Boost)  
  72  6:15  Probe x2  
  69  6:19  Sentry  
  69  6:20  Adept x3  
  75  6:30  Disruptor (Chrono Boost)  
  78  6:33  Probe  
  63  6:48  Stalker x3  
  63  6:49  Probe  
  62  6:54  Gateway x3, Photon Cannon x2  
  62  6:56  Probe  
  63  7:01  Sentry  
  63  7:04  Probe x2, Disruptor, Assimilator x2  
  67  7:08  Probe  
  67  7:12  Zealot x3  
  77  7:16  Probe  
  77  7:21  Probe  
  77  7:22  Probe  
  80  7:31  Gateway  
  80  7:32  Twilight Council  
  80  7:37  Zealot x2  
  80  7:38  Disruptor, Zealot x2  
  91  7:52  Sentry x2  
  91  7:53  Pylon x2  
  91  7:56  Sentry, Adept  
  99  8:03  Stalker  
  101  8:14  Nexus, Disruptor  
  101  8:15  Stalker x3  
  101  8:16  Pylon  
  101  8:18  Pylon  
  107  8:32  Stalker x3  
  107  8:33  Stalker x2  
  109  8:38  Blink (Chrono Boost)  
  99  8:57  Disruptor  
  97  9:16  Photon Cannon  
  97  9:17  Photon Cannon  
  97  9:19  Photon Cannon  
  97  9:21  Photon Cannon  
  97  9:22  Photon Cannon  
  97  9:24  Photon Cannon  
  97  9:25  Probe  
  97  9:29  Stalker x3, Assimilator  
  97  9:31  Assimilator  
  103  9:33  Photon Cannon  
  103  9:38  Observer Gravitic Boosters, Observer  
  103  9:40  Probe  
  103  9:44  Probe  
  105  9:48  Pylon  
  105  9:49  Pylon  
  105  9:54  Stalker x4  
  105  9:55  Stalker  
  105  9:57  Stalker  
  117  10:00  Sentry  
  117  10:02  Observer  
  117  10:06  Pylon  
  118  10:24  Stalker x6  
  130  10:33  Stalker x2  
  117  10:57  Stalker x8  
Show
View Real Time Build Order
Export as new Build Order

Shura Zerg 

Build Orders: Hatch First, Lurkers 

Get SALT Encoding   

  12  0:00  Drone  
  13  0:13  Overlord  
  13  0:18  Drone  
  14  0:32  Drone x2  
  16  0:36  Drone  
  17  0:52  Drone  
  18  0:57  Hatchery  
  18  0:59  Drone  
  18  1:05  Extractor  
  17  1:12  Spawning Pool  
  17  1:15  Drone  
  17  1:19  Drone  
  18  1:30  Drone  
  19  1:40  Overlord  
  19  1:59  Queen  
  19  2:00  Zergling x2  
  22  2:07  Metabolic Boost  
  22  2:10  Zergling x2, Queen  
  22  2:13  Zergling x4  
  27  2:25  Zergling x4  
  29  2:36  Queen  
  31  2:41  Drone x2  
  31  2:42  Overlord  
  33  2:48  Drone  
  34  3:01  Drone x2  
  34  3:17  Hatchery  
  34  3:19  Drone  
  33  3:20  Drone x7  
  33  3:25  Drone  
  40  3:29  Queen  
  41  3:37  Zergling x4  
  41  3:38  Overlord  
  43  3:42  Extractor  
  43  3:43  Extractor  
  43  3:44  Lair  
  41  3:53  Zergling x4  
  43  3:57  Overlord  
  43  3:58  Drone x2  
  43  3:59  Drone x3  
  48  4:08  Queen  
  50  4:12  Overlord, Drone  
  51  4:30  Overlord x2  
  51  4:31  Drone x3  
  51  4:32  Drone x3  
  57  4:42  Zergling x10  
  62  4:51  Drone x2  
  64  4:55  Hydralisk Den  
  63  5:04  Drone x6, Queen  
  71  5:17  Spire  
  68  5:34  Drone x9  
  77  5:35  Muscular Augments  
  77  5:36  Extractor  
  75  5:48  Zergling x10  
  77  5:50  Queen x2  
  77  5:53  Queen  
  80  5:59  Hydralisk x3  
  78  6:05  Hydralisk  
  78  6:06  Hydralisk x2  
  76  6:14  Hydralisk x3  
  76  6:22  Hydralisk x3  
  82  6:28  Queen  
  82  6:29  Hydralisk  
  82  6:31  Zergling x4  
  80  6:43  Drone  
  80  6:44  Drone x4  
  79  6:49  Queen  
  79  6:51  Drone x2  
  82  7:08  Drone x5  
  86  7:12  Zerg Flyer Weapons Level 1  
  86  7:13  Drone  
  86  7:14  Drone  
  89  7:16  Overlord x2  
  89  7:22  Overseer  
  89  7:23  Overlord  
  89  7:24  Overlord  
  89  7:25  Hatchery  
  89  7:27  Mutalisk  
  89  7:35  Drone x7  
  96  7:38  Extractor  
  96  7:39  Extractor  
  96  7:41  Drone x2  
  96  7:42  Drone  
  97  7:45  Mutalisk  
  97  7:48  Mutalisk  
  101  7:51  Mutalisk  
  101  7:53  Extractor x2  
  101  7:56  Lurker Den  
  101  8:02  Drone x5  
  106  8:06  Mutalisk  
  106  8:10  Hydralisk  
  106  8:11  Hydralisk  
  112  8:14  Hydralisk  
  112  8:15  Zergling x4  
  98  8:32  Hydralisk x6  
  89  8:41  Overseer  
  89  8:43  Mutalisk  
  89  8:47  Drone x3  
  89  8:48  Drone x7  
  99  8:50  Queen  
  93  8:56  Mutalisk  
  95  9:05  Mutalisk x2  
  95  9:09  Drone x4  
  101  9:23  Lurker x3  
  104  9:24  Hatchery  
  104  9:28  Mutalisk  
  105  9:39  Drone x9  
  105  9:44  Mutalisk x2  
  118  9:46  Overlord  
  118  9:49  Zergling x2  
  119  9:54  Mutalisk x2  
  119  9:56  Overlord  
  119  9:58  Overlord  
  123  10:01  Overlord  
  123  10:05  Lurker  
  123  10:06  Lurker x2  
  126  10:14  Hydralisk x3  
  127  10:23  Hydralisk x4  
  127  10:28  Evolution Chamber  
  134  10:31  Evolution Chamber  
  134  10:34  Zergling x6  
  134  10:35  Zergling x14  
  137  10:44  Mutalisk  
  137  10:45  Mutalisk x3  

Tags
 
Add a new tag
Caveats
  • Supply blocks, unpowered buildings, or Contaminate may cause inaccurate times.
  • Supply counts are checked every 10 seconds.